 Dungeon Crawl Stone Soup version 0.22-a0-284-g99d1f74 (webtiles) character file.

6535 Amnesiac the Eclecticist (level 10, -3/56 HPs)
             Began as a Deep Elf Wizard on Mar 21, 2018.
             Was a High Priest of Sif Muna.
             Slain by a gnoll
             ... wielding a +4 spear
              (4 damage)
             ... on level 9 of the Dungeon.
             The game lasted 00:16:28 (7991 turns).

Amnesiac the Eclecticist (Deep Elf Wizard)          Turns: 7991, Time: 00:16:29

Health: -3/56      AC:  9    Str:  4    XL:     10   Next: 69%
Magic:  0/32       EV: 12    Int: 27    God:    Sif Muna [*****.]
Gold:   526        SH:  0    Dex: 13    Spells: 24/41 levels left

rFire    + . .     SeeInvis .   G - +1 dagger (venom)
rCold    . . .     Gourm    .   (no shield)
rNeg     . . .     Faith    +   u - +2 leather armour {rF+}
rPois    .         Spirit   .   n - +1 helmet
rElec    .         Reflect  .   l - scarf {cloud immunity}
rCorr    .         Harm     .   D - +0 pair of gloves
MR       +....                  k - +0 pair of boots
Stlth    ++........             B - amulet of faith
HPRegen  0.18/turn              (no ring)
MPRegen  0.23/turn              (no ring)

@: no casting
A: no striking features
a: Stop Divine Energy, Channel Magic, Forget Spell, Renounce Religion


You were on level 9 of the Dungeon.
You worshipped Sif Muna.
Sif Muna was extremely pleased with you.
You were not hungry.

You visited 2 branches of the dungeon, and saw 10 of its levels.

You collected 526 gold pieces.

Inventory:

Hand Weapons
 G - a +1 dagger of venom (weapon)
Armour
 k - a +0 pair of boots (worn)
 l - a scarf of cloud immunity (worn)
 n - a +1 helmet (worn)
 u - a +2 leather armour of fire resistance (worn)
 D - a +0 pair of gloves (worn)
Jewellery
 B - an amulet of faith (around neck)
Wands
 m - a wand of iceblast (2)
 A - a wand of polymorph (19)
 C - a wand of paralysis (13)
 H - a wand of flame (33)
Scrolls
 b - a scroll of fog {!r}
 j - 2 scrolls of magic mapping {!r}
 p - a scroll of blinking {!r, unknown}
 r - 3 scrolls of remove curse {!r}
 t - 2 scrolls of amnesia {!r}
 y - 2 scrolls of identify {!r}
 F - a scroll of enchant armour {!r}
Potions
 c - a potion of flight {!q, unknown}
 e - 4 potions of mutation {!q, unknown}
 f - a potion of might {!q}
 g - 2 potions of degeneration {!q, unknown}
 h - a potion of invisibility {!q, unknown}
 o - 2 potions of berserk rage {!q, unknown}
 q - 3 potions of resistance {!q, unknown}
 s - a potion of lignification {!q}
 v - 4 potions of curing {!q}
 w - a potion of cancellation {!q}
 x - a potion of heal wounds {!q}
 z - 3 potions of brilliance {!q}
 E - 3 potions of agility {!q}
Comestibles
 a - a chunk of flesh
 d - 15 rations


   Skills:
 - Level 3.5 Fighting
 - Level 3.6 Dodging
 - Level 2.4 Stealth
 - Level 16.0 Spellcasting
 - Level 8.2 Conjurations
 - Level 1.1 Summonings
 - Level 8.0 Translocations
 * Level 4.4 Earth Magic


You had 24 spell levels left.
You knew the following spells:

 Your Spells              Type           Power        Failure   Level  Hunger
a - Stone Arrow           Conj/Erth      ######       1%          3    None
b - Call Imp              Summ           ####....     4%          2    None
c - Summon Butterflies    Summ           ####....     2%          1    None
d - Passwall              Tmut/Erth      ####......   2%          2    None
e - Mephitic Cloud        Conj/Pois/Air  #####...     4%          3    None
f - Magic Dart            Conj           ####         1%          1    None
s - Conjure Flame         Conj/Fire      #####...     2%          3    None
v - Blink                 Tloc           N/A          1%          2    None


Dungeon Overview and Level Annotations

Branches:
Dungeon (9/15)             Temple (1/1) D:4
   Lair: D:8-11         Orc: D:9-12

Altars:
Ashenzari
Cheibriados
Dithmenos
Elyvilon
Fedhas
Gozag
Hepliaklqana
Kikubaaqudgha
Makhleb
Nemelex Xobeh
Okawaru
Qazlal
Ru
Sif Muna
Trog
Uskayaw
Vehumet
Wu Jian
Xom
Yredelemnul
Zin
The Shining One

Shops:
D:9 !


Message History

You finish putting on your +0 pair of gloves.
The spriggan baker hits you with a dagger!
Casting: Stone Arrow (safe; 1% risk of failure)
Confirm with . or Enter, or press ? or * to list all spells.
Aiming: Stone Arrow (safe; 1% risk of failure)
Press: ? - help, Shift-Dir - straight line, f - spriggan baker
Aim: a spriggan baker, wielding a dagger and wearing a robe The stone arrow hits the spriggan baker.
The spriggan baker is almost dead.
The spriggan baker hits you with a dagger.
Casting: Stone Arrow (safe; 1% risk of failure)
Confirm with . or Enter, or press ? or * to list all spells.
Aiming: Stone Arrow (safe; 1% risk of failure)
Press: ? - help, Shift-Dir - straight line, f/p - spriggan baker
Aim: a spriggan baker, wielding a dagger and wearing a robe (almost dead)
The stone arrow misses the spriggan baker.
The stone arrow hits the leopard gecko.
You kill the leopard gecko!
Sif Muna accepts your kill. Sif Muna grants you divine energy.
You briefly lose access to your magic!
The spriggan baker hits you with a dagger.
* * * LOW HITPOINT WARNING * * *
You are unable to access your magic!
You are unable to access your magic!
You are unable to access your magic!
You see here a throwing net.
You are unable to access your magic!
You are unable to access your magic!
The spriggan baker closely misses you.
You are unable to access your magic!
You are unable to access your magic!
You are unable to access your magic!
The spriggan baker hits you with a dagger.
* * * LOW HITPOINT WARNING * * *
You are unable to access your magic!
You regain access to your magic.
Casting: Stone Arrow (safe; 1% risk of failure)
Confirm with . or Enter, or press ? or * to list all spells.
Aiming: Stone Arrow (safe; 1% risk of failure)
Press: ? - help, Shift-Dir - straight line, f/p - spriggan baker
Aim: a spriggan baker, wielding a dagger and wearing a robe (almost dead)
You miscast Stone Arrow.
Sif Muna protects you from the effects of your miscast!
Sif Muna grants you divine energy.
You briefly lose access to your magic!
The spriggan baker hits you but does no damage.
The spriggan baker hits you with a dagger!
* * * LOW HITPOINT WARNING * * *
You are unable to access your magic!
You are unable to access your magic!
You regain access to your magic.
The spriggan baker hits you with a dagger!
* * * LOW HITPOINT WARNING * * *
Casting: Stone Arrow (safe; 1% risk of failure)
Confirm with . or Enter, or press ? or * to list all spells.
Aiming: Stone Arrow (safe; 1% risk of failure)
Press: ? - help, Shift-Dir - straight line, f/p - spriggan baker
Aim: a spriggan baker, wielding a dagger and wearing a robe (almost dead)
The stone arrow hits the spriggan baker.
You kill the spriggan baker!
Sif Muna accepts your kill. Sif Muna grants you divine energy.
You briefly lose access to your magic!
The gnoll hits you from afar with an enchanted spear.
You die...

....######............†#####.....
....# #.............# ##...#
....######.............##########
..........................>.....
................................
...............#########..#####
...............#########..#
..........................#######
................@)g......(.()..).
...###########.#############.†...
...######## #.# #.....
........... ... ......
...<....... ..... .......
........... ...... ........
............... ....g.###
........... ........ ...........


You could see a gnoll.

Vanquished Creatures
  A two-headed ogre (D:8)
  Pikel (D:8)
  A troll (D:9)
  A hippogriff (D:7)
  The ghost of Amnesiac the Conjurer, an amateur DEWz (D:3)
  A spriggan (D:9)
  Sigmund (D:2)
  4 yaks (D:9)
  Grum (D:8)
  A hungry ghost (D:8)
  3 slaves (D:8)
  2 sky beasts
  2 ice beasts (D:8)
  A centaur (D:6)
  3 wolves
  2 ogres
  3 bullfrogs
  A gnoll sergeant (D:9)
  A water moccasin skeleton (D:8)
  3 killer bees (D:9)
  3 howler monkeys
  2 crimson imps
  A bullfrog zombie (D:5)
  2 quasits
  A jelly (D:7)
  4 hounds
  6 orc priests
  9 orc wizards
  2 iguanas
  3 worker ants
  A killer bee zombie (D:7)
  A howler monkey zombie (D:5)
  2 gnolls (D:9)
  12 adders
  A shadow imp (D:6)
  3 oozes
  3 adder skeletons
  2 adder zombies
  7 leopard geckos
  23 orcs
  7 bats
  A giant cockroach (D:5)
  16 goblins
  8 hobgoblins
  16 jackals
  4 kobolds
  2 quokkas
  6 frilled lizards
  A jackal skeleton (D:6)
  2 leopard gecko skeletons
  A rat (D:3)
186 creatures vanquished.

Vanquished Creatures (collateral kills)
  Robin (D:1)
1 creature vanquished.

Vanquished Creatures (others)
  A slave (D:8)
  2 orc wizards (D:8)
  An orc (D:8)
  6 fungi (D:6)
10 creatures vanquished.

Grand Total: 197 creatures vanquished

Notes
Turn   | Place    | Note
-------+----------+-------------------------------------------
     0 | D:1      | Amnesiac the Deep Elf Wizard began the quest for the Orb.
     0 | D:1      | Reached XP level 1. HP: 10/10 MP: 7/7
   139 | D:1      | Reached XP level 2. HP: 15/15 MP: 3/9
   150 | D:1      | Learned a level 2 spell: Blink
   153 | D:1      | Learned a level 2 spell: Call Imp
   634 | D:2      | Found a stormy altar of Qazlal.
   639 | D:2      | Noticed Robin
   887 | D:1      | Killed Robin
   887 | D:1      | Reached XP level 3. HP: 13/19 MP: 2/11
   892 | D:1      | Learned a level 3 spell: Conjure Flame
   896 | D:1      | Learned a level 3 spell: Mephitic Cloud
   986 | D:2      | Found a sparkling altar of Nemelex Xobeh.
  1096 | D:2      | Found a basalt altar of Yredelemnul.
  1327 | D:2      | Noticed Sigmund
  1341 | D:2      | Killed Sigmund
  1341 | D:2      | Reached skill level 5 in Conjurations
  1341 | D:2      | Reached XP level 4. HP: 24/24 MP: 1/12
  1341 | D:2      | Reached XP level 5. HP: 28/28 MP: 1/13
  1677 | D:3      | Noticed Amnesiac's ghost (amateur DEWz)
  1771 | D:3      | Found a sacrificial altar of Ru.
  1834 | D:3      | Found a glowing silver altar of Zin.
  1847 | D:3      | Reached skill level 1 in Fighting
  1914 | D:3      | Reached XP level 6. HP: 34/34 MP: 8/15
  1967 | D:3      | Reached skill level 5 in Spellcasting
  2501 | D:3      | Killed Amnesiac's ghost
  2501 | D:3      | Reached XP level 7. HP: 39/41 MP: 9/16
  3253 | D:4      | Found a staircase to the Ecumenical Temple.
  3267 | Temple   | Entered the Ecumenical Temple
  3335 | D:4      | Found a deep blue altar of Sif Muna.
  3344 | D:4      | Became a worshipper of Sif Muna the Loreminder
  3353 | D:4      | Identified Sif Muna's Tome of Augmentations
  3856 | D:5      | Entered Level 5 of the Dungeon
  4133 | D:5      | Reached skill level 6 in Spellcasting
  4213 | D:5      | You fall through a shaft!
  4725 | D:5      | Reached * piety under Sif Muna
  4844 | D:6      | Reached XP level 8. HP: 44/46 MP: 10/19
  5257 | D:6      | Reached ** piety under Sif Muna
  5257 | D:6      | Reached *** piety under Sif Muna
  5257 | D:6      | Reached **** piety under Sif Muna
  5257 | D:6      | Reached skill level 15 in Spellcasting
  5257 | D:6      | Reached XP level 9. HP: 51/51 MP: 20/30
  5445 | D:7      | Reached skill level 16 in Spellcasting
  5948 | D:7      | Reached ***** piety under Sif Muna
  6104 | D:8      | Noticed Grum
  6400 | D:8      | Found a radiant altar of Vehumet.
  6810 | D:8      | Noticed a two-headed ogre
  6846 | D:8      | Killed a two-headed ogre
  6846 | D:8      | Identified Sif Muna's Almanac of Creation (Sif Muna gifted it to you on level 8 of the Dungeon)
  6846 | D:8      | Received a gift from Sif Muna
  6850 | D:8      | Learned a level 1 spell: Summon Butterflies
  6853 | D:8      | Learned a level 2 spell: Passwall
  6857 | D:8      | Learned a level 3 spell: Stone Arrow
  6866 | D:8      | Reached XP level 10. HP: 48/56 MP: 8/32
  7069 | D:8      | Killed Grum
  7115 | D:8      | Found an opulent altar of Gozag.
  7152 | D:8      | Found a snail-covered altar of Cheibriados.
  7164 | D:8      | Noticed Pikel
  7180 | D:8      | Killed Pikel
  7663 | D:9      | Reached skill level 1 in Earth Magic
  7767 | D:9      | Found Daegegar's Distillery.
  7792 | D:9      | Found a hazy altar of Hepliaklqana.
  7990 | D:9      | HP: 1/56 [spriggan baker/dagger (10)]
  7991 | D:9      | Slain by a gnoll

Vault maps used:
D:1:      dpeg_arrival_chase, wad_floor_pattern_untrapped
D:2:      nemelex_xobeh_ov_fountains_minmay, grunt_qazlal_clouds,
          yredelemnul_altar_generic, grunt_decor_fettered, uniq_sigmund,
          uniq_robin
D:3:      nicolae_overflow_crystal_walls, corexii_item_surrounded_by_moat,
          nicolae_ru_awakened_eye
D:4:      led_sif_book, minmay_temple_entry_statues, first_ration
D:5:      cheibrodos_helix_gallery
D:6:      serial_aquarium, aquarium_bridge_square, aquarium_window_fake,
          aquarium_window_1, aquarium_window_1, aquarium_window_corner,
          aquarium_view_2e, aquarium_balcony_1b, wad_floor_pattern_2,
          grunt_ministairs_10
D:7:      serial_park_tiny_2
D:8:      kennysheep_mini_moat, lemuel_round_altar,
          nicolae_gozag_cash_rules_everything_around_me, uniq_pikel, uniq_grum
D:9:      lemuel_round_altar, serial_shops, nicolae_shop_trees, the_bakery,
          grunt_ministairs_1
Temple:   minmay_temple_bridge_abc

Skill      XL: |  1  2  3  4  5  6  7  8  9 10 |
---------------+-------------------------------+-----
Conjurations   | 2 3 5 6 7 8 |  8.2
Fighting       | 1 3 |  3.5
Spellcasting   | 5 6 15 16 | 16.0
Dodging        | 3 |  3.6
Translocations | 6 8 |  8.0
Earth Magic    | 4 |  4.4
Stealth        | |  2.4
Summonings     | |  1.1

Action                   |  1- 3 |  4- 6 |  7- 9 | 10-12 || total
-------------------------+-------+-------+-------+-------++-------
Melee: Unarmed           |       |     4 |     1 |       ||     5
       Dagger            |       |       |       |    21 ||    21
 Cast: Magic Dart        |    75 |    71 |   272 |       ||   418
       Call Imp          |     4 |       |     3 |       ||     7
       Blink             |     1 |     3 |     5 |     1 ||    10
       Mephitic Cloud    |     1 |     3 |     9 |       ||    13
       Conjure Flame     |       |     4 |    12 |     4 ||    20
       Stone Arrow       |       |       |     1 |    86 ||    87
Invok: Divine Energy     |       |       |     1 |       ||     1
  Use: Scroll            |       |       |    17 |       ||    17
       Potion            |       |       |     1 |       ||     1
  Eat: Chunk             |     1 |     4 |    10 |     3 ||    18
       Ration            |       |       |     1 |       ||     1
Armor: Robe              |     3 |     5 |    17 |       ||    25
       Leather armour    |       |       |     3 |     8 ||    11
Dodge: Dodged            |    16 |    16 |    52 |    20 ||   104

Table legend:
 A = Spawn XP
 B = Non-spawn XP
 C = Spawn XP percentage of total XP
 D = Spawn monster count
 E = Non-spawn monster count
 F = Spawn count percentage of total count
 G = Total turns spent on level
                    A         B        C        D         E        F      G
               +---------+---------+-------+---------+---------+-------+---------
         Total |       0 |    7621 |   0.0 |       0 |     184 |   0.0 |  7991
               +---------+---------+-------+---------+---------+-------+---------
           D:1 |       0 |      41 |   0.0 |       0 |      17 |   0.0 |   925
           D:2 |       0 |     263 |   0.0 |       0 |      19 |   0.0 |   906
           D:3 |       0 |     469 |   0.0 |       0 |      37 |   0.0 |  1156
           D:4 |       0 |     261 |   0.0 |       0 |      15 |   0.0 |   812
           D:5 |       0 |     377 |   0.0 |       0 |      19 |   0.0 |   959
           D:6 |       0 |     373 |   0.0 |       0 |       8 |   0.0 |   733
           D:7 |       0 |    1013 |   0.0 |       0 |      15 |   0.0 |  1320
           D:8 |       0 |    2722 |   0.0 |       0 |      25 |   0.0 |   788
           D:9 |       0 |    2102 |   0.0 |       0 |      29 |   0.0 |   335
               +---------+---------+-------+---------+---------+-------+---------
